Description

This build is a zerg all in with a strong timing attack at 4:15, aiming to destroy your Terran opponant with 4 queens, a bunch of roaches and a nydus ofc :D

This build order is quiet hard to scoot if you control the space with the queens, and it HARD COUNTERS ever reaper / hellion / banshee build, which are really common on the ladder

VOD

https://www.youtube.com/watch?v=sD3IJ7z3aGo

Replay - FireCake v TOP: Game 2 - Ruins of Seras

Build Order

Get SALT Encoding   

  14  0:15  Overlord  
  14  0:20  Extractor  
  17  0:55  Hatchery  
  18  1:10  Extractor  
  17  1:15  Spawning Pool  
  19  1:40   Overlord  
  20  2:00  Queen  
  22  2:05  Queen  
  32  2:40  Queen  
  32  2:45  Lair  
  34  2:46  Overlord  
  35  3:00  Extractor x2  
  34  3:05  Roach Warren  
  41  3:30  Overlord x2  
  43  3:40  Queen  
  43  3:42  Nydus Network  
  43  3:45  Overseer  
  43  3:46  Overlord  
  44  3:53  Roach x2  Then only go for full roach production & overlords when needed
  62  4:15  Nydus Canal  (With the queens first)
Spawning Tool Build Advisor. Get it on Overwolf

Analysis

First of all, place the queens into the nydus so that they can transfuse the nydus while all the roaches are poping out, then, focus the banshees (if there are).

Beware the Terran scoot with reaper or hellion, because your opponent would instantaneously usderstand what is happening and hard counter if with bunkers. But even if he scoots it late and already went for a 1/1/1 he might be dead anyways ^_^'

Go to:

Details

  • Created by: Ownards 
  • Published on: Dec 21, 2015
  • Modified on: Dec 21, 2015
  • Patch: Pre-3.8.0
Show
View Real Time Build Order
Export as new Build Order

Comments (1)

On Dec. 23, 2015, 5:14 p.m., markin0991  said:

nice)

Create an account to comment!